 Dungeon Crawl Stone Soup version 0.31-a0-675-g238779eb0a (webtiles) character file.

Game seed: 7051260658995828653

1871 Essalna the Destroyer (level 8, -1/61 HPs)
             Began as a Demonspawn Conjurer on Sept 5, 2023.
             Was an Initiate of Vehumet.
             Slain by a three-headed hydra (11 damage)
             ... on level 8 of the Dungeon.
             The game lasted 00:14:30 (8168 turns).

Essalna the Destroyer (Demonspawn Conjurer)         Turns: 8168, Time: 00:14:30

Health: -1/61      AC:  7    Str:  7    XL:     8   Next: 90%
Magic:  6/15       EV: 19    Int: 21    God:    Vehumet [......]
Gold:   249        SH:  0    Dex: 19    Spells: 14/17 levels left

rFire   + . .        y - +4 dagger (venom)
rCold   + . .        (no shield)
rNeg    . . .        a - +0 robe
rPois   .            (no helmet)
rElec   .            j - scarf {rC+ rF+}
rCorr   .            n - +1 pair of gloves
SInv    .            C - +2 pair of boots
Will    .....        (no amulet)
Stlth   ++           m - +5 ring of evasion
HPRegen 0.30/turn    v - +6 ring of dexterity
MPRegen 0.14/turn

%: no passive effects
@: no status effects
A: claws 1, powered by death 3
a: Renounce Religion


You were on level 8 of the Dungeon.
You worshipped Vehumet.
Vehumet was noncommittal.
You visited 2 branches of the dungeon, and saw 9 of its levels.

You collected 319 gold pieces.
You spent 70 gold pieces at shops.

Inventory:

Hand Weapons
 e - a +0 dagger
 k - a +1 short sword of speed
 y - a +4 dagger of venom (weapon)
Armour
 a - a +0 robe (worn)
 j - a scarf of resistance (worn)
 n - a +1 pair of gloves (worn)
 C - a +2 pair of boots (worn)
Magical Staves
 b - a staff of cold
Jewellery
 h - a ring of ice
 m - a +5 ring of evasion (left hand)
 p - a ring of positive energy
 v - a +6 ring of dexterity (right hand)
 z - a ring of resist corrosion
 H - a ring of positive energy
Wands
 t - a wand of flame (14)
 F - a wand of roots (13)
 I - a wand of quicksilver (10)
 J - a wand of polymorph (6)
Scrolls
 d - 2 scrolls of amnesia
 g - a scroll of acquirement
 l - a scroll of noise
 A - 5 scrolls of teleportation
 B - 4 scrolls of identify
Potions
 c - 3 potions of curing
 f - 4 potions of lignification
 i - a potion of brilliance {unknown}
 o - a potion of might {unknown}
 u - 3 potions of magic
 w - a potion of degeneration {unknown}
 x - 2 potions of attraction
 D - a potion of ambrosia {unknown}
 G - a potion of mutation {unknown}
 K - a potion of heal wounds {unknown}


   Skills:
 + Level 4.9 Fighting
 + Level 3.1 Armour
 + Level 3.7 Dodging
 - Level 1.7 Stealth
 - Level 5.0 Spellcasting
 + Level 8.4 Conjurations


You had 14 spell levels left.
You knew the following spells:

 Your Spells              Type           Power      Damage    Failure   Level
a - Magic Dart            Conj           100%       1d8       1%          1
b - Searing Ray           Conj           80%        2d7       1%          2

Your spell library contained the following spells:

 Spells                   Type           Power      Damage    Failure   Level
 Static Discharge         Conj/Air       44%        2-4/arc   3%          2
 Dazzling Flash           Conj/Hex       44%        N/A       6%          3
 Fulminant Prism          Conj/Hex       11%        3d9       19%         4
 Iskenderun's Mystic Bla  Conj/Tloc      22%        2d6       19%         4
 Airstrike                Air            2%         2d(1-17)  71%         4
 Summon Lightning Spire   Summ/Air       5%         N/A       71%         4


Dungeon Overview and Level Annotations

Branches:
Dungeon (8/15)             Temple (1/1) D:6
   Lair: D:8-11

Altars:
Ashenzari
Dithmenos
Fedhas
Gozag
Hepliaklqana
Kikubaaqudgha
Makhleb
Nemelex Xobeh
Okawaru
Qazlal
Ru
Sif Muna
Trog
Uskayaw
Vehumet
Wu Jian
Yredelemnul

Shops:
D:4 ?

Annotations:
D:4 4 transporters
Temple 2 transporters


Innate Abilities, Weirdness & Mutations

You have sharp fingernails.
You regenerate a lot of health from kills.


Message History

The three-headed hydra closely misses you.
The three-headed hydra bites you!
The searing ray hits the three-headed hydra!
The three-headed hydra is heavily wounded.
The searing ray hits the kobold brigand!
The kobold brigand is severely wounded.
You finish channelling your searing ray.
The three-headed hydra closely misses you.
The three-headed hydra completely misses you.
The three-headed hydra misses you.
Casting: Searing Ray (safe; 1% risk of failure)
Confirm with . or Enter, or press ? or * to list all spells.
Aiming: Searing Ray (safe; 1% risk of failure)
Press: ? - help, Shift-Dir - straight line, f/p - three-headed hydra
Aim: a three-headed hydra (heavily wounded, 94% to hit)
The searing ray hits the three-headed hydra.
The three-headed hydra is heavily wounded.
The searing ray hits the kobold brigand!
You kill the kobold brigand!
Vehumet accepts your kill. (Press . to maintain the ray.)
The three-headed hydra barely misses you.
The three-headed hydra closely misses you.
The three-headed hydra misses you.
The searing ray misses the three-headed hydra.
The three-headed hydra bites you but does no damage.
The three-headed hydra completely misses you.
The three-headed hydra bites you!
* * * LOW HITPOINT WARNING * * *
The searing ray hits the three-headed hydra!
The three-headed hydra is heavily wounded.
The three-headed hydra bites you.
* * * LOW HITPOINT WARNING * * *
The three-headed hydra barely misses you. x2
The searing ray hits the three-headed hydra!
The three-headed hydra is severely wounded.
You finish channelling your searing ray.
The three-headed hydra barely misses you.
The three-headed hydra bites you!
You die...

........#
##########.#
#)######## #
#.....#.#
#........# #.
+.♣.♣.#.#
#........#
#..+..♣.~#.#
#........#
#..+.♣.♣.†.#
#........#
#.K#$....###
.........#
#+##P~P.~#
##>......#
#..#~~)~P#
#.......#
#.)D@P~PP#
#.#.###.#
##########
#.#.###[#
#..)....###.#
####)#.......#
...#.#.#.##..#
########
#.#.#..#.#..#
#......#
#.....###...
#.####.#
###<#..#.#.#
############.#.....


You could see a three-headed hydra.

Vanquished Creatures
  Grinder (D:3)
  Sigmund (D:2)
  Duvessa (D:4)
  A sky beast (D:7)
  An orc warrior (D:7)
  An ice beast (D:6)
  2 black bears (D:6)
  2 kobold brigands (D:8)
  A phantom (D:7)
  A bullfrog (D:6)
  Dowan (D:4)
  2 howler monkeys (D:6)
  2 jellies (D:7)
  3 hounds
  Jessica (D:2)
  4 iguanas
  A sleepcap (D:7)
  An orc wizard (D:8)
  Robin (D:4)
  4 adders
  A gnoll (D:1)
  A white imp (D:5)
  2 ufetubi
  4 worms
  4 dart slugs
  10 orcs
  9 ball pythons
  7 bats
  6 endoplasms
  3 giant cockroaches
  18 goblins
  11 hobgoblins
  4 jackals
  5 quokkas (D:1)
  3 frilled lizards
  4 kobolds
  5 rats
129 creatures vanquished.

Notes
Turn   | Place    | Note
-------+----------+-------------------------------------------
     0 | D:1      | Essalna the Demonspawn Conjurer began the quest for the
                  | Orb.
     0 | D:1      | Reached XP level 1. HP: 13/13 MP: 3/3
   175 | D:1      | Gained mutation: You regenerate a little health from kills.
                  | [demonic ancestry]
   175 | D:1      | Reached XP level 2. HP: 19/19 MP: 1/5
   705 | D:1      | Reached XP level 3. HP: 24/24 MP: 5/7
   956 | D:1      | Learned a level 2 spell: Searing Ray
   957 | D:1      | Identified a scroll of acquirement
  1243 | D:2      | You fall into a shaft and drop 1 floor!
  1677 | D:2      | Noticed Jessica
  1682 | D:2      | Killed Jessica
  1683 | D:2      | Gained mutation: You regenerate health from kills. [demonic
                  | ancestry]
  1683 | D:2      | Reached XP level 4. HP: 30/30 MP: 2/8
  1693 | D:2      | Reached skill level 5 in Conjurations
  2040 | D:2      | Noticed Sigmund
  2121 | D:2      | Killed Sigmund
  2122 | D:2      | Reached XP level 5. HP: 30/35 MP: 0/11
  2283 | D:2      | Gained mutation: You have sharp fingernails. [demonic
                  | ancestry]
  2283 | D:2      | Reached XP level 6. HP: 41/41 MP: 8/12
  2416 | D:2      | Found a hazy altar of Hepliaklqana.
  2784 | D:3      | Found a faded altar of an unknown god.
  3332 | D:3      | Noticed Grinder
  3342 | D:3      | Paralysed by Grinder for 5 turns
  3348 | D:3      | Killed Grinder
  3349 | D:3      | Reached skill level 5 in Spellcasting
  3349 | D:3      | Reached skill level 6 in Conjurations
  3559 | D:4      | Noticed Duvessa
  3564 | D:4      | Noticed Dowan
  3567 | D:4      | Killed Duvessa
  3568 | D:4      | Reached skill level 1 in Fighting
  3568 | D:4      | Reached XP level 7. HP: 43/48 MP: 3/14
  3650 | D:4      | Killed Dowan
  3776 | D:4      | Reached skill level 7 in Conjurations
  4074 | D:4      | Found Xoana's Magic Scroll Shop.
  4077 | D:4      | Bought a scroll of teleportation for 42 gold pieces
  4077 | D:4      | Bought a scroll of identify for 28 gold pieces
  4220 | D:4      | Noticed Robin
  4234 | D:4      | Killed Robin
  4456 | D:4      | Found a hazy altar of Hepliaklqana.
  4558 | D:4      | Found a bloodstained altar of Trog.
  4640 | D:4      | Noticed a yak
  4645 | D:4      | Noticed a hornet
  4657 | D:4      | Noticed a steam dragon
  4661 | D:4      | Found a transporter.
  4668 | D:4      | Found a transporter.
  4738 | D:4      | Found a transporter.
  4827 | D:4      | Found a transporter.
  5036 | D:5      | Entered Level 5 of the Dungeon
  6046 | D:6      | Found a staircase to the Ecumenical Temple.
  6055 | Temple   | Found a transporter.
  6055 | Temple   | Found a transporter.
  6055 | Temple   | Found a transporter.
  6055 | Temple   | Found a transporter.
  6055 | Temple   | Entered the Ecumenical Temple
  6314 | D:6      | Reached skill level 1 in Armour
  6314 | D:6      | Gained mutation: You regenerate a lot of health from kills.
                  | [demonic ancestry]
  6314 | D:6      | Reached XP level 8. HP: 60/60 MP: 8/15
  6543 | D:6      | Found a sparkling altar of Nemelex Xobeh.
  7111 | D:7      | Reached skill level 8 in Conjurations
  7309 | D:7      | Found a radiant altar of Vehumet.
  7316 | D:7      | Became a worshipper of Vehumet
  7454 | D:7      | Found a shadowy altar of Dithmenos.
  7903 | D:8      | Noticed an orange demon
  8160 | D:8      | Noticed a three-headed hydra
  8168 | D:8      | Slain by a three-headed hydra

Illustrated notes

Levels and vault maps discovered:
D:1:      scummos_arrival_checkerplants, layout_basic
D:2:      cheibrodos_old_hovel, layout_basic, basic_altar,
          kennysheep_pointless_box, grunt_ministairs_1, minmay_pentomino_q4,
          uniq_jessica, uniq_sigmund
D:3:      layout_loops_corners, hellmonk_ecumenical_altar_arch_garden,
          uniq_grinder
D:4:      gammafunk_cloud_chamber, layout_layer_cave, general_overflow_altar,
          worldfamousw_hep_ancestral_shrine, gammafunk_temple_overflow_arena,
          serial_shops, nicolae_shop_rolled_up, due_unseen_surprise, uniq_robin,
          uniq_duvessa
D:5:      layout_basic, kennysheep_minor_cross
D:6:      layout_gridville, nemelex_diamond_rough_becter,
          minmay_temple_entry_sparse_star, chequers_serial_rivers_room_a
D:7:      layout_loops_ring, grunt_dithmenos_shadows,
          nicolae_vehumet_altar_sigil
D:8:      layout_loops_cross, enter_bailey_6, hangedman_ranch, uniq_amaemon
Temple:   hellmonk_temple_divided_pantheon

Skill      XL: |  1  2  3  4  5  6  7  8 |
---------------+-------------------------+-----
Spellcasting   | 3 4 5 |  5.0
Conjurations   | 5 6 7 8 |  8.4
Fighting       | 1 3 4 |  4.9
Dodging        | 2 3 |  3.7
Armour         | 1 3 |  3.1
Stealth        | |  1.7

Action                     |  1- 3 |  4- 6 |  7- 9 || total
---------------------------+-------+-------+-------++-------
  Melee: Dagger            |     2 |       |    37 ||    39
         Short sword       |     5 |    15 |       ||    20
         Punch             |       |     1 |       ||     1
   Cast: Magic Dart        |    76 |    57 |   154 ||   287
         Searing Ray       |       |     5 |    18 ||    23
    Use: Potion            |     1 |       |       ||     1
         Scroll            |     1 |       |    10 ||    11
 Armour: Robe              |     8 |     9 |    37 ||    54
  Dodge: Dodged            |     8 |    12 |    72 ||    92

Table legend: (Time is in decaauts)
 A = Elapsed time spent in this place.
 B = Non-inter-level travel time spent in this place.
 C = Inter-level travel time spent in this place.
 D = Time resting spent in this place.
 E = Time spent auto-exploring this place.
 F = Levels seen in this place.
 G = Mean time per level.
                   A        B        C        D        E       F      G
               +--------+--------+--------+--------+--------+-----+--------+
         Total |   8159 |   7819 |    340 |     73 |   6896 |   9 |  906.6 |
       Dungeon |   8139 |   7808 |    331 |     73 |   6896 |   8 | 1017.4 |
        Temple |     19 |     10 |      9 |      0 |      0 |   1 |   19.0 |
               +--------+--------+--------+--------+--------+-----+--------+

Top non-repeatable levels by time:
     D:4: 1404 daAuts
     D:2: 1245 daAuts
     D:1: 1223 daAuts
     D:3: 1152 daAuts
     D:5: 988 daAuts
     D:7: 955 daAuts
     D:6: 939 daAuts
     D:8: 230 daAuts
  Temple: 19 daAuts
